[Event "Titled Tuesday Blitz November 08 Early 2022"]
[White "Manon-og, Ramon Jr."]
[Black "Tharushi, T H D Niklesha"]
[WhiteFideId "5200776"]
[BlackFideId "9918264"]
[WhiteElo "2253"]
[BlackElo "1596"]
[Result "0-1"]
[Round "08"]
[TimeControl "180+1"]
[Date "2022.11.09"]
[WhiteClock "0:00:07"]
[BlackClock "0:01:56"]

1. e4 c6 2. d4 d5 3. e5 Bf5 4. Nd2 e6 5. Nb3 Nd7 6. Nf3 Ne7 7. Be2 c5 8. c3 Nc6 9. O-O c4 10. Nbd2 b5 11. a3 a5 12. h3 h6 13. Nh2 Be7 14. g4 Bh7 15. f4 Qb6 16. Kh1 O-O 17. f5 exf5 18. gxf5 Nxd4 19. cxd4 Qxd4 20. Ndf3 Qe4 21. f6 gxf6 22. Bxh6 fxe5 23. Rg1+ Bg6 24. Bxf8 Rxf8 25. Rg4 Qe3 26. Nf1 Qf2 27. Rg2 Qc5 28. Qe1 d4 29. Nh4 Bxh4 0-1


[Site "https://www.chess.com"]

[Event "Titled Tuesday Blitz November 08 Early 2022"]
[White "Martinez Alcantara, Jose Eduardo"]
[Black "Tang, Andrew"]
[WhiteFideId "3805662"]
[BlackFideId "2059630"]
[WhiteElo "2705"]
[BlackElo "2581"]
[Result "1-0"]
[Round "08"]
[TimeControl "180+1"]
[Date "2022.11.08"]
[WhiteClock "0:00:59"]
[BlackClock "0:00:22"]

1. e4 e5 2. Nf3 Nc6 3. Bb5 a6 4. Ba4 Nf6 5. O-O Be7 6. Re1 b5 7. Bb3 d6 8. c3 O-O 9. h3 Bb7 10. d4 Re8 11. Ng5 Rf8 12. Nf3 Re8 13. Nbd2 Bf8 14. a3 g6 15. Bc2 Bg7 16. b3 d5 17. Nxe5 Nxe5 18. dxe5 Rxe5 19. f4 Rxe4 20. Nxe4 Nxe4 21. Bxe4 dxe4 22. Qc2 Qf6 23. Be3 c5 24. Rac1 Rc8 25. Red1 h5 26. c4 Qe6 27. Qd2 bxc4 28. bxc4 Bc6 29. Qd6 Qf5 30. Qd2 h4 31. Qf2 Bf6 32. Rd6 Be7 33. Rd2 Rb8 34. Rb2 Rd8 35. Rcb1 Rd3 36. Rd2 Rxa3 37. Rb8+ Kh7 38. Rdd8 Bxd8 39. Rxd8 Qh5 40. Qb2 1-0


[Site "https://www.chess.com"]

[Event "Titled Tuesday Blitz November 08 Early 2022"]
[White "Mazurkiewicz, Michal"]
[Black "Noboa Silva, Kevin"]
[WhiteFideId "1124943"]
[BlackFideId "3618471"]
[WhiteElo "2063"]
[BlackElo "2178"]
[Result "0-1"]
[Round "08"]
[TimeControl "180+1"]
[Date "2022.11.09"]
[WhiteClock "0:00:01"]
[BlackClock "0:00:09"]

1. e4 e6 2. d3 d5 3. Nd2 c5 4. Ngf3 Nf6 5. g3 g6 6. Bg2 Bg7 7. O-O O-O 8. Re1 Nc6 9. Qe2 a5 10. a4 b6 11. c3 Ba6 12. exd5 exd5 13. Nf1 Re8 14. Qc2 Qd7 15. Bg5 h6 16. Bxf6 Bxf6 17. Ne3 Ne7 18. d4 Bb7 19. Ne5 Bxe5 20. dxe5 d4 21. Bxb7 Qxb7 22. cxd4 cxd4 23. Ng4 Rec8 24. Qd2 Nf5 25. Nxh6+ Nxh6 26. Qxh6 Qf3 27. Qd2 Rc4 28. e6 Re8 29. exf7+ Qxf7 30. Rxe8+ Qxe8 31. Re1 Qf7 32. Qg5 Rc8 33. Re7 Qf5 34. Qh6 Qf6 35. Re4 d3 36. Rg4 Rc6 37. Rh4 Qg7 38. Qg5 Rd6 39. Re4 Qf7 40. Rf4 Qe8 41. Rg4 d2 0-1


[Site "https://www.chess.com"]

[Event "Titled Tuesday Blitz November 08 Early 2022"]
[White "Melikhov, Evgeny V."]
[Black "Lopez Martinez, Josep Manuel"]
[WhiteFideId "4122046"]
[BlackFideId "2212943"]
[WhiteElo "2169"]
[BlackElo "2471"]
[Result "1-0"]
[Round "08"]
[TimeControl "180+1"]
[Date "2022.11.09"]
[WhiteClock "0:00:08"]
[BlackClock "0:00:01"]

1. d4 d5 2. c4 e6 3. Nc3 h6 4. cxd5 exd5 5. Bf4 c6 6. Qc2 Bd6 7. Bxd6 Qxd6 8. e3 Nf6 9. Bd3 O-O 10. Nf3 Re8 11. O-O b6 12. Rab1 Ba6 13. b4 Bxd3 14. Qxd3 b5 15. a4 a6 16. a5 Nbd7 17. Rfc1 Re6 18. Ne2 Rae8 19. Nf4 Re4 20. Nd2 Rxf4 21. exf4 Rc8 22. g3 Ne8 23. Nf3 f6 24. Re1 Qf8 25. Re6 Nd6 26. Nd2 Nc4 27. Nxc4 bxc4 28. Qg6 Qf7 29. Qxf7+ Kxf7 30. f5 Nf8 31. Re3 Rb8 32. Kf1 g6 33. g4 gxf5 34. gxf5 Nd7 35. Ke2 c5 36. dxc5 Nxc5 37. bxc5 Rxb1 38. c6 Rb5 39. Kd2 Rc5 40. Kc3 Rxc6 41. Kd4 c3 42. Re1 c2 43. Rc1 Ke7 44. Kxd5 Kd7 45. Kd4 Kd6 46. Kd3 Ke5 47. Rxc2 Rd6+ 48. Ke3 Kxf5 49. Rc5+ Kg4 50. f3+ Kh4 51. Kf4 h5 52. Kf5 Rd3 53. f4 Rd4 54. Rc6 Kh3 55. Rxf6 h4 56. Rh6 Rd5+ 57. Ke6 Rxa5 58. f5 Ra4 59. f6 Kxh2 60. f7 Re4+ 61. Kf5 Re1 62. Rf6 Rf1+ 63. Kg6 Rg1+ 64. Kh6 h3 65. f8=Q Rg2 66. Rf2 Kg1 67. Rxg2+ hxg2 68. Qc5+ Kh1 69. Qh5+ Kg1 70. Qd1+ Kh2 71. Qe2 a5 72. Kg5 Kh1 73. Qf3 Kh2 74. Qf4+ Kh1 75. Qe4 1-0


[Site "https://www.chess.com"]

[Event "Titled Tuesday Blitz November 08 Early 2022"]
[White "Moskvin, Anatoly"]
[Black "Kosteniuk, Alexandra"]
[WhiteFideId "24199990"]
[BlackFideId "4128125"]
[WhiteElo "2079"]
[BlackElo "2469"]
[Result "0-1"]
[Round "08"]
[TimeControl "180+1"]
[Date "2022.11.09"]
[WhiteClock "0:00:03"]
[BlackClock "0:00:09"]

1. e4 c6 2. c4 d5 3. exd5 cxd5 4. cxd5 Nf6 5. Nc3 Nxd5 6. Nf3 Nxc3 7. dxc3 Qxd1+ 8. Kxd1 Nc6 9. Bd3 Bg4 10. Be3 O-O-O 11. Kc2 Bxf3 12. gxf3 e6 13. b4 Kb8 14. Be2 Bd6 15. a4 Ne5 16. a5 Ng6 17. h3 Be5 18. Rad1 Rc8 19. Rd3 Rc7 20. Kb3 Rhc8 21. Rhd1 Rxc3+ 22. Rxc3 Rxc3+ 23. Ka4 Rc2 24. Bd3 Rc8 25. Bxg6 fxg6 26. Rd7 a6 27. f4 Bf6 28. Rf7 Re8 29. b5 axb5+ 30. Kxb5 e5 31. Bc5 exf4 32. Bd6+ Ka8 33. a6 bxa6+ 34. Kxa6 Bd4 35. Rxf4 Ba7 36. Rf7 Bb8 37. Bxb8 Kxb8 38. Rxg7 Re2 39. Rxh7 Rxf2 40. Kb6 Kc8 41. Kc6 Kd8 42. Kd6 Ke8 43. Ke6 Kf8 44. Ke5 Kg8 45. Rb7 Rf3 46. h4 Kh8 47. Rb4 Kh7 48. Ke4 Rf1 49. Rb5 Kh6 50. Ke3 Rh1 51. Ke2 Rxh4 52. Kf3 Rh1 53. Kg3 Rg1+ 54. Kh2 Rg4 55. Kh3 Rf4 56. Kg3 Rf8 57. Ra5 Rc8 58. Rb5 Rc3+ 59. Kg4 Rc4+ 60. Kg3 g5 61. Rb8 Kh5 62. Rg8 Rc3+ 63. Kg2 Kg4 64. Ra8 Rc2+ 65. Kg1 Kh3 66. Ra7 g4 67. Rh7+ Kg3 68. Kf1 Rc1+ 69. Ke2 Kg2 70. Rg7 g3 71. Rg6 Rc8 72. Rg5 Re8+ 73. Kd1 Kf2 74. Rf5+ Kg1 75. Rg5 g2 76. Kd2 Re6 77. Rh5 Re8 78. Rh6 Re4 79. Rh7 Kf2 80. Kd3 Rg4 81. Rf7+ Kg3 0-1


[Site "https://www.chess.com"]

[Event "Titled Tuesday Blitz November 08 Early 2022"]
[White "Nakamura, Hikaru"]
[Black "Bortnyk, Olexandr"]
[WhiteFideId "2016192"]
[BlackFideId "14120828"]
[WhiteElo "2909"]
[BlackElo "2723"]
[Result "1-0"]
[Round "08"]
[TimeControl "180+1"]
[Date "2022.11.08"]
[WhiteClock "0:00:36"]
[BlackClock "0:00:01"]

1. e4 Nf6 2. Nc3 d5 3. e5 Nfd7 4. f4 d4 5. Nce2 d3 6. Ng3 Nc5 7. c3 h5 8. b4 h4 9. bxc5 hxg3 10. h3 Na6 11. Qf3 Nxc5 12. Ba3 e6 13. Bxc5 Bxc5 14. Bxd3 Bf2+ 15. Kd1 Bd7 16. Ne2 Bc6 17. Be4 Bxe4 18. Qxe4 Qd7 19. Kc2 O-O 20. h4 f5 21. exf6 Rxf6 22. h5 Rd8 23. d3 Qd5 24. Rh3 Qxe4 25. dxe4 Be3 26. Kb3 Rd2 27. e5 Rf7 28. Nxg3 Bxf4 29. Ne4 Rxg2 30. Rd1 Bxe5 31. Rd8+ Kh7 32. Re8 Rf4 33. Nc5 b5 34. Nxe6 Rff2 35. Nf8+ Kh6 36. Rxe5 Rb2+ 37. Ka3 Rxa2+ 38. Kb4 Rab2+ 39. Kc5 Rbf2 40. Re6+ 1-0


[Site "https://www.chess.com"]

[Event "Titled Tuesday Blitz November 08 Early 2022"]
[White "Namitbir Singh Walia"]
[Black "Concio, Michael Jr."]
[WhiteFideId "35071068"]
[BlackFideId "5217873"]
[WhiteElo "2239"]
[BlackElo "2236"]
[Result "0-1"]
[Round "08"]
[TimeControl "180+1"]
[Date "2022.11.09"]
[WhiteClock "0:00:01"]
[BlackClock "0:00:04"]

1. e4 e5 2. Nf3 Nc6 3. Bb5 a6 4. Bxc6 dxc6 5. O-O Bg4 6. h3 h5 7. d3 Bc5 8. Nbd2 Qf6 9. Nc4 Bd6 10. Re1 Bxf3 11. Qxf3 Qxf3 12. gxf3 b5 13. Nxd6+ cxd6 14. f4 f6 15. fxe5 dxe5 16. f4 exf4 17. Bxf4 g5 18. Bd2 Ne7 19. e5 f5 20. Bxg5 Rg8 21. h4 Kd7 22. e6+ Kd6 23. Kf2 Nd5 24. a3 Rae8 25. c4 Rxg5 26. hxg5 Nf4 27. Kf3 Nxe6 28. g6 Rg8 29. Rg1 Ke5 30. Rae1+ Kf6 31. Kf2 Nf4 32. Rg3 h4 33. Rf3 Nxg6 34. cxb5 axb5 35. Rc1 Ne5 36. Rh3 Rd8 37. Rc3 Rd4 38. Ke3 c5 39. Ke2 c4 40. dxc4 Nxc4 41. b3 Nd6 42. Rc6 Kg5 43. Rc7 b4 44. a4 Ne4 45. Rg7+ Kh6 46. Rg1 Kh5 47. Rg8 Nf6 48. Rh8+ Kg5 49. Rh1 Re4+ 50. Kd3 Nd7 51. Rg8+ Kf6 52. Rh8 Nc5+ 53. Kc2 Re2+ 54. Kd1 Ra2 55. R1xh4 Ne4 56. R8h6+ Ke5 57. Kc1 Ra1+ 58. Kb2 Rd1 59. Rh2 Rd4 60. a5 Rd5 61. a6 Ra5 62. Rb6 Nc5 63. Rc2 Nxa6 64. Rcc6 Nc5 65. Rb8 Ne4 66. Re8+ Kf4 67. Rce6 Rd5 0-1


[Site "https://www.chess.com"]

[Event "Titled Tuesday Blitz November 08 Early 2022"]
[White "Nita, Lucian"]
[Black "Vidruska, Renate"]
[WhiteFideId "1206923"]
[BlackFideId "11601841"]
[WhiteElo "2092"]
[BlackElo "1877"]
[Result "0-1"]
[Round "08"]
[TimeControl "180+1"]
[Date "2022.11.09"]
[WhiteClock "0:00:10"]
[BlackClock "0:00:04"]

1. e4 e5 2. Nf3 Nf6 3. d3 Nc6 4. Nbd2 d5 5. c3 dxe4 6. dxe4 a5 7. Bb5 Bd6 8. O-O O-O 9. Qc2 Ne7 10. Re1 c6 11. Bf1 Ng6 12. Nc4 Bc7 13. Ne3 Nf4 14. Nf5 g6 15. Ne3 N6h5 16. Kh1 Kg7 17. Ng1 Be6 18. g3 Kh8 19. gxf4 exf4 20. Ng2 f5 21. e5 Qg5 22. Nf3 Qg4 23. Be2 Bd5 24. Ngh4 Bxe5 25. Rg1 Qxh4 26. Rg2 Qf6 27. Bd2 Rg8 28. Rag1 Bc7 29. h4 Rae8 30. Bd1 Bxf3 31. Bxf3 Qxh4+ 32. Rh2 Qf6 33. c4 Ng7 34. Bc3 Be5 35. Bxa5 Ne6 36. b3 Nd4 37. Qd1 Nxf3 38. Qxf3 Bd4 39. Bc7 Be5 40. Bb6 g5 41. Qh3 Qf7 42. Qh6 Rg6 43. Qh5 Reg8 44. f3 Qg7 45. Bf2 g4 46. Qxf5 g3 47. Rh3 gxf2 48. Rxg6 f1=Q+ 49. Kh2 Qf2+ 50. Kh1 Qxg6 51. Qxe5+ Qg7 52. Qxg7+ Rxg7 53. Rg3 Qxg3 0-1


[Site "https://www.chess.com"]

[Event "Titled Tuesday Blitz November 08 Early 2022"]
[White "Nurmanova, Alua"]
[Black "Piesik, Piotr"]
[WhiteFideId "13729390"]
[BlackFideId "1136194"]
[WhiteElo "2120"]
[BlackElo "2316"]
[Result "0-1"]
[Round "08"]
[TimeControl "180+1"]
[Date "2022.11.09"]
[WhiteClock "0:00:03"]
[BlackClock "0:00:16"]

1. e4 g6 2. d4 Bg7 3. Nc3 c6 4. Nf3 d6 5. h3 Nf6 6. Be3 O-O 7. Bd3 Nbd7 8. a4 e5 9. O-O Re8 10. dxe5 dxe5 11. Bc4 Qe7 12. Qe2 Nh5 13. a5 Nf4 14. Qd2 Nc5 15. Bxf4 exf4 16. Qxf4 Be6 17. Bxe6 Qxe6 18. Rfe1 Rad8 19. e5 Qe7 20. b4 Ne6 21. Qc4 a6 22. Ne4 Rd5 23. Nd6 Rd8 24. Ne4 Bxe5 25. Nxe5 Rxe5 26. Qc3 Nd4 27. Ng3 h5 28. f4 Re6 29. Rxe6 Qxe6 30. Re1 Qd5 31. Ne4 Kf8 32. Nc5 Re8 33. Rxe8+ Kxe8 34. Qe3+ Kf8 35. Nxb7 Nxc2 36. Qb6 Qe4 37. Qd8+ Kg7 38. Nd6 Qe3+ 39. Kh1 Qc1+ 40. Kh2 Qxf4+ 41. Kh1 Ne3 42. Ne8+ Kh6 43. Qd2 h4 44. Qb2 Nd5 45. Qg7+ Kg5 46. Qf8 Qf5 47. Qd6 Qf1+ 48. Kh2 Qf4+ 49. Qxf4+ Kxf4 50. Nd6 Nxb4 51. Nxf7 c5 52. Nd6 Nc6 53. Nc4 Ne5 54. Nd6 c4 55. Nb7 c3 56. Nc5 c2 57. Nb3 Nd3 0-1


[Site "https://www.chess.com"]

[Event "Titled Tuesday Blitz November 08 Early 2022"]
[White "Omariev, Maksim"]
[Black "Adewumi, Tanitoluwa"]
[WhiteFideId "4193423"]
[BlackFideId "30966396"]
[WhiteElo "2407"]
[BlackElo "2546"]
[Result "1-0"]
[Round "08"]
[TimeControl "180+1"]
[Date "2022.11.09"]
[WhiteClock "0:00:04"]
[BlackClock "0:00:01"]

1. e4 c5 2. Nf3 e6 3. d4 cxd4 4. Nxd4 Nc6 5. Nc3 Qc7 6. Be3 a6 7. Be2 Nf6 8. O-O Be7 9. a4 d6 10. Kh1 O-O 11. f4 Nxd4 12. Qxd4 e5 13. Qd2 Be6 14. f5 Bc4 15. Bg5 h6 16. Bxf6 Bxf6 17. Bxc4 Qxc4 18. b3 Qd4 19. Rad1 Rac8 20. Rf3 Bg5 21. Qe1 Qb4 22. Rf2 Rfd8 23. Nd5 Qxe1+ 24. Rxe1 Kf8 25. c4 b5 26. axb5 axb5 27. cxb5 Rc5 28. b6 Rb5 29. b4 Rb8 30. Ra1 Bd8 31. Ra5 Bxb6 32. Rxb5 Rc8 33. Rf1 1-0


[Site "https://www.chess.com"]

[Event "Titled Tuesday Blitz November 08 Early 2022"]
[White "Orozbaev, Eldiar"]
[Black "Ter-Sahakyan, Samvel"]
[WhiteFideId "13802240"]
[BlackFideId "13302531"]
[WhiteElo "2244"]
[BlackElo "2584"]
[Result "0-1"]
[Round "08"]
[TimeControl "180+1"]
[Date "2022.11.08"]
[WhiteClock "0:00:53"]
[BlackClock "0:01:41"]

1. e4 c6 2. d4 d5 3. exd5 cxd5 4. Bd3 Nc6 5. c3 Nf6 6. Bf4 Bg4 7. Qb3 Qd7 8. Nd2 e6 9. Ngf3 Bd6 10. Ne5 Qc7 11. Nxg4 Bxf4 12. Nxf6+ gxf6 13. Nf3 O-O-O 14. g3 Bd6 15. O-O-O Kb8 16. Rhe1 Rc8 17. Kb1 Ka8 18. h4 h6 19. Nh2 f5 20. Nf3 a6 21. Re2 Rhg8 22. Rde1 f4 23. gxf4 Bxf4 24. Ne5 Nxd4 25. Qd1 Nxe2 26. Qxe2 Bxe5 27. Qxe5 Qxe5 28. Rxe5 Rg2 29. f3 Rf2 30. Be2 Rg8 31. Kc2 Rh2 32. a4 Rxh4 33. a5 Kb8 34. b3 Kc7 35. c4 Rg5 36. Re3 dxc4 37. Bxc4 Rxa5 0-1


[Site "https://www.chess.com"]

[Event "Titled Tuesday Blitz November 08 Early 2022"]
[White "Osmonbekov, Talaibek"]
[Black "Lawson, Eric"]
[WhiteFideId "2017253"]
[BlackFideId "2604116"]
[WhiteElo "2135"]
[BlackElo "2504"]
[Result "0-1"]
[Round "08"]
[TimeControl "180+1"]
[Date "2022.11.09"]
[WhiteClock "0:00:01"]
[BlackClock "0:00:17"]

1. d4 d5 2. Bf4 Nc6 3. Nc3 f6 4. e4 dxe4 5. d5 e5 6. Be3 Nce7 7. Bb5+ Bd7 8. Bxd7+ Qxd7 9. d6 cxd6 10. Nxe4 d5 11. Nc5 Qc6 12. c3 Nf5 13. Nb3 Nxe3 14. fxe3 O-O-O 15. Nf3 Qb6 16. O-O Qxe3+ 17. Kh1 h5 18. a4 h4 19. h3 Ne7 20. Re1 Qf4 21. Nc5 Qc4 22. b4 Nf5 23. Ne6 Ng3+ 24. Kg1 Re8 25. Nxf8 Rexf8 26. a5 Kb8 27. b5 Rd8 28. a6 b6 29. Ra4 Qxb5 30. Qc2 Rc8 31. Rb1 Qc5+ 32. Kh2 Qxc3 33. Qg6 Rc7 34. Rab4 Ne2 35. Nxh4 Rxh4 36. Qe8+ Rc8 0-1


[Site "https://www.chess.com"]

[Event "Titled Tuesday Blitz November 08 Early 2022"]
[White "Ostrovskiy, Aleksandr"]
[Black "Ristic, Nebojsa B"]
[WhiteFideId "2034239"]
[BlackFideId "935468"]
[WhiteElo "2340"]
[BlackElo "2320"]
[Result "0-1"]
[Round "08"]
[TimeControl "180+1"]
[Date "2022.11.09"]
[WhiteClock "0:00:01"]
[BlackClock "0:00:57"]

1. d4 Nf6 2. Bf4 d6 3. Nc3 Nc6 4. e4 g6 5. Qd2 Bg7 6. O-O-O a6 7. f3 h6 8. g4 b5 9. h4 Bb7 10. Nh3 e5 11. dxe5 dxe5 12. Be3 Qxd2+ 13. Rxd2 b4 14. Na4 Nd4 15. Nc5 Bc6 16. Bxd4 exd4 17. Rxd4 Nd7 18. Rc4 Bb5 19. Nxd7 Bxc4 20. Bxc4 Kxd7 21. Bxf7 Rhf8 22. Bxg6 Rxf3 23. Bf5+ Ke7 24. g5 Rd8 25. gxh6 Bxh6+ 26. Ng5 Rg3 27. b3 Rg2 28. Kb1 Rdd2 29. Rc1 Rdf2 30. Nh3 Bxc1 31. Nxf2 Ba3 32. Nh3 Kf6 33. c4 Rb2+ 0-1


[Site "https://www.chess.com"]

[Event "Titled Tuesday Blitz November 08 Early 2022"]
[White "Paravyan, David"]
[Black "Kovalev, Vladislav"]
[WhiteFideId "4194985"]
[BlackFideId "13504398"]
[WhiteElo "2546"]
[BlackElo "2556"]
[Result "1-0"]
[Round "08"]
[TimeControl "180+1"]
[Date "2022.11.08"]
[WhiteClock "0:01:31"]
[BlackClock "0:00:01"]

1. e4 e5 2. Nf3 Nf6 3. Nc3 Nc6 4. d4 exd4 5. Nxd4 Bb4 6. Nxc6 bxc6 7. Bd3 O-O 8. O-O d6 9. h3 Re8 10. Re1 Nd7 11. Bd2 Ne5 12. Bf1 Qf6 13. a3 Bc5 14. Be3 Bxe3 15. Rxe3 Rb8 16. b4 Be6 17. Ne2 g5 18. Nd4 Bd7 19. c4 a5 20. bxa5 c5 21. Nb5 c6 22. Qxd6 Kg7 23. Qxf6+ Kxf6 24. Nd6 Red8 25. a6 Bc8 26. Nxc8 Rdxc8 27. a4 Ra8 28. a5 Rxa6 29. g3 Rca8 30. f4 gxf4 31. gxf4 Ng6 32. e5+ Kf5 33. Rf3 Nxf4 34. Kh2 Rxa5 35. Bd3+ 1-0


[Site "https://www.chess.com"]

[Event "Titled Tuesday Blitz November 08 Early 2022"]
[White "Peyrer, Konstantin"]
[Black "Mosadeghpour, Masoud"]
[WhiteFideId "1640879"]
[BlackFideId "12519278"]
[WhiteElo "2415"]
[BlackElo "2393"]
[Result "0-1"]
[Round "08"]
[TimeControl "180+1"]
[Date "2022.11.08"]
[WhiteClock "0:01:19"]
[BlackClock "0:01:41"]

1. e4 c5 2. Nf3 d6 3. d4 cxd4 4. Nxd4 Nf6 5. Nc3 Nc6 6. f3 e5 7. Nb3 Be7 8. Be3 Be6 9. Qe2 O-O 10. O-O-O Qc8 11. Kb1 a5 12. Nd5 a4 13. Nc1 Bxd5 14. exd5 Nb4 15. c4 a3 16. b3 b5 17. c5 Nbxd5 18. Qe1 b4 19. Bd2 Qxc5 20. Nd3 Qd4 21. Rc1 Rac8 22. Be2 e4 23. fxe4 Nxe4 24. Bxb4 Rxc1+ 25. Qxc1 Nxb4 0-1


[Site "https://www.chess.com"]

[Event "Titled Tuesday Blitz November 08 Early 2022"]
[White "Postny, Evgeny"]
[Black "Ovchinnikov, Vsevolod"]
[WhiteFideId "2804344"]
[BlackFideId "24176842"]
[WhiteElo "2476"]
[BlackElo "2376"]
[Result "1-0"]
[Round "08"]
[TimeControl "180+1"]
[Date "2022.11.09"]
[WhiteClock "0:00:05"]
[BlackClock "0:00:02"]

1. Nf3 Nf6 2. c4 g6 3. b4 Bg7 4. Bb2 c6 5. e3 d5 6. Be2 O-O 7. O-O Bg4 8. c5 Nbd7 9. d4 Re8 10. Nbd2 a6 11. Qb3 e5 12. dxe5 Ne4 13. Nxe4 dxe4 14. Nd4 Nxe5 15. Rad1 Qg5 16. Bxg4 Qxg4 17. h3 Qh4 18. Ne2 Nd3 19. Bxg7 Kxg7 20. Nc1 Ne5 21. Rd6 Re7 22. Qc3 Rae8 23. Ne2 f6 24. Ng3 Nf7 25. Rd4 h5 26. Rfd1 Qg5 27. Qc2 f5 28. Qc3 Qf6 29. Qa1 h4 30. Ne2 g5 31. R4d2 Qxa1 32. Rxa1 Rd8 33. Rxd8 Nxd8 34. Rd1 Nf7 35. Nd4 Kf6 36. Nb3 Ke6 37. Na5 Rc7 38. Nc4 Rd7 39. Rxd7 Kxd7 40. g3 Nd8 41. Kg2 Ke6 42. gxh4 gxh4 43. f3 Kd5 44. Na5 Ke5 45. Kf2 Kd5 46. Ke2 Ke5 47. f4+ Kd5 48. Kd2 Ke6 49. Kc3 Kd5 50. Nc4 Nf7 51. Nb6+ Ke6 52. Kd4 Nh6 53. Nc8 Ng8 54. Nd6 Nf6 55. Nxb7 Nd5 56. a3 Nc7 57. Na5 Kd7 58. Nc4 Nd5 59. Ke5 Ne7 60. Kf6 Ke8 61. Ke6 Kd8 62. Kd6 Ke8 63. Kc7 Kf7 64. Kb6 Ke6 65. Kxa6 Nd5 66. Kb7 Nc3 67. Kxc6 Na4 68. b5 Ke7 69. b6 1-0


[Site "https://www.chess.com"]

[Event "Titled Tuesday Blitz November 08 Early 2022"]
[White "Prem, Pranav"]
[Black "Estrada Nieto, Julian"]
[WhiteFideId "30901057"]
[BlackFideId "5101018"]
[WhiteElo "1970"]
[BlackElo "2221"]
[Result "0-1"]
[Round "08"]
[TimeControl "180+1"]
[Date "2022.11.09"]
[WhiteClock "0:00:08"]
[BlackClock "0:00:06"]

1. d4 d5 2. c4 dxc4 3. Nf3 Nf6 4. e3 e6 5. Bxc4 a6 6. O-O c5 7. Bb3 Nc6 8. Nc3 Be7 9. Bc2 O-O 10. a3 cxd4 11. exd4 b5 12. Bg5 Bb7 13. Qd2 Na5 14. Qf4 Bxf3 15. Qxf3 Nd5 16. Qh3 g6 17. Bh6 Nxc3 18. bxc3 Re8 19. a4 b4 20. cxb4 Nc6 21. Be4 Rc8 22. Bxc6 Rxc6 23. b5 Rd6 24. bxa6 Rxd4 25. Be3 Rh4 26. Qg3 Bd6 27. f4 e5 28. a7 exf4 29. Bxf4 Qb6+ 30. Kh1 Rxf4 31. Rxf4 Bxf4 32. Qxf4 Qxa7 33. h3 h5 34. a5 Re6 35. Qc4 Ra6 36. Qd5 Qb8 37. Re1 Qa8 38. Qxa8+ Rxa8 39. Ra1 Ra6 40. Kg1 Kf8 41. Kf2 Ke7 42. Ke3 Kd6 43. Ke4 f6 44. Kf4 Ke6 45. Ke4 Kd6 46. g3 Kc5 47. g4 h4 48. Kf4 Kb5 49. g5 f5 50. Re1 Rxa5 51. Re6 Ra6 52. Re5+ Kb4 53. Re8 Kc3 54. Rh8 Ra4+ 55. Ke5 Kd3 56. Kf6 f4 57. Kxg6 f3 58. Rf8 Ke2 59. Kh7 f2 60. g6 f1=Q 61. Rxf1 Kxf1 62. g7 Ra7 63. Kh6 Rxg7 64. Kxg7 Kg2 65. Kg6 Kxh3 66. Kf5 Kg3 67. Ke4 h3 0-1


[Site "https://www.chess.com"]

[Event "Titled Tuesday Blitz November 08 Early 2022"]
[White "Prydun, Andriy"]
[Black "Barash, Anton"]
[WhiteFideId "14145898"]
[BlackFideId "30935229"]
[WhiteElo "2163"]
[BlackElo "2264"]
[Result "1-0"]
[Round "08"]
[TimeControl "180+1"]
[Date "2022.11.09"]
[WhiteClock "0:00:58"]
[BlackClock "0:00:25"]

1. e4 e6 2. d3 d5 3. Nd2 c5 4. Ngf3 Nc6 5. g3 Nf6 6. Bg2 Be7 7. O-O O-O 8. Re1 b5 9. e5 Nd7 10. Nf1 a5 11. h4 b4 12. a3 Bb7 13. N1h2 c4 14. d4 Qb6 15. a4 c3 16. b3 Ba6 17. Be3 Rfd8 18. h5 Nf8 19. Ng4 Rd7 20. Kh2 Bd8 21. Rh1 Qa7 22. Kg1 Bb6 23. Rh4 Bd8 24. Rh3 Bb6 25. h6 g6 26. Nf6+ Kh8 27. Rh4 Re7 28. Ng5 Nd7 29. Nfxh7 Ndxe5 30. dxe5 Bxe3 31. fxe3 Qxe3+ 32. Kh2 Nxe5 33. Qe1 Qxe1 34. Rxe1 Nd7 35. Rf4 f6 36. Nxf6 1-0


[Site "https://www.chess.com"]

[Event "Titled Tuesday Blitz November 08 Early 2022"]
[White "Raahul V S"]
[Black "Wagner, Dennis"]
[WhiteFideId "25035525"]
[BlackFideId "24650684"]
[WhiteElo "2233"]
[BlackElo "2470"]
[Result "0-1"]
[Round "08"]
[TimeControl "180+1"]
[Date "2022.11.09"]
[WhiteClock "0:00:09"]
[BlackClock "0:00:17"]

1. b3 g6 2. Bb2 Nf6 3. g3 Bg7 4. Bg2 O-O 5. Nf3 d6 6. d4 b5 7. a4 b4 8. Nfd2 c6 9. a5 Bd7 10. a6 Qc8 11. O-O Nxa6 12. e3 Nc7 13. Nc4 Nb5 14. Ra4 d5 15. Ne5 a5 16. Qd2 Ne4 17. Bxe4 dxe4 18. Nc4 Bh3 19. Re1 Qf5 20. Qe2 Nd6 21. Ne5 Bxe5 22. dxe5 Nb5 23. c3 Rfd8 24. cxb4 axb4 25. Rxb4 Ra2 26. f4 exf3 27. Qf2 g5 28. Rc4 g4 29. Rxc6 Qd3 30. e6 Qxb3 31. exf7+ Kxf7 32. Rc2 Rd3 33. e4 Nd4 34. e5 Qxc2 35. e6+ Kg6 36. Bxd4 Rxd4 0-1


[Site "https://www.chess.com"]

[Event "Titled Tuesday Blitz November 08 Early 2022"]
[White "Rakhmanov, Aleksandr"]
[Black "Andreikin, Dmitry"]
[WhiteFideId "4173708"]
[BlackFideId "4158814"]
[WhiteElo "2530"]
[BlackElo "2736"]
[Result "0-1"]
[Round "08"]
[TimeControl "180+1"]
[Date "2022.11.08"]
[WhiteClock "0:00:01"]
[BlackClock "0:00:22"]

1. d4 g6 2. c4 Bg7 3. Nf3 d6 4. g3 Bg4 5. Bg2 Qc8 6. h3 Bf5 7. Nc3 Nf6 8. g4 Bd7 9. e4 c5 10. e5 Ng8 11. exd6 cxd4 12. Nd5 Na6 13. Nxd4 Qxc4 14. Be3 Nc5 15. b3 Qd3 16. Qxd3 Nxd3+ 17. Kd2 Rc8 18. Kxd3 e5 19. Rhe1 exd4 20. Bxd4+ Kf8 21. Rac1 Rd8 22. Rc7 Bb5+ 23. Kc3 Bxd4+ 24. Kxd4 Rxd6 25. Kc5 Ra6 26. Kxb5 Rxa2 27. Rc8+ Kg7 28. Ree8 Rxf2 29. Be4 Re2 30. Bd3 Rg2 31. Bc4 Rg3 32. Rc7 Nh6 33. Rxh8 Kxh8 34. Rxb7 Rxh3 35. g5 Nf5 36. Rb8+ Kg7 37. Nf6 Ne7 38. Re8 Re3 39. Ka4 Re5 0-1


[Site "https://www.chess.com"]

[Event "Titled Tuesday Blitz November 08 Early 2022"]
[White "Remizov, Yaroslav"]
[Black "Perez Gormaz, Matias"]
[WhiteFideId "34134015"]
[BlackFideId "3406342"]
[WhiteElo "2414"]
[BlackElo "2341"]
[Result "0-1"]
[Round "08"]
[TimeControl "180+1"]
[Date "2022.11.08"]
[WhiteClock "0:00:03"]
[BlackClock "0:00:05"]

1. e4 c5 2. c3 Nf6 3. e5 Nd5 4. d4 cxd4 5. Nf3 d6 6. cxd4 dxe5 7. Nxe5 Nc6 8. Nxc6 bxc6 9. Bd3 g6 10. O-O Bg7 11. Be4 O-O 12. Nc3 Rb8 13. Re1 Be6 14. Qa4 Rb4 15. Qxc6 Rxd4 16. Nxd5 Bxd5 17. Bxd5 Rxd5 18. Be3 a5 19. Rab1 e6 20. b3 h5 21. h3 Qb8 22. Red1 Rc8 23. Qa4 Rcd8 24. Rxd5 Rxd5 25. Rc1 Qd6 26. Qc4 Be5 27. Qe2 Kg7 28. Qf3 Rd3 29. g3 Bd4 30. Re1 Bxe3 31. Rxe3 Rd2 32. a4 Rb2 33. Kg2 Qd4 34. g4 hxg4 35. hxg4 Kg8 36. Re1 Kg7 37. Re3 Kg8 38. Kg3 Qd6+ 39. Kh3 Qd4 40. Kg2 Kg7 41. Qg3 Qd5+ 42. Qf3 Qd4 43. Qg3 Qd5+ 44. Kh2 Qd2 45. Rf3 Qd5 46. Qf4 f5 47. gxf5 exf5 48. Re3 Rxb3 49. Qc7+ Kh6 50. Rxb3 Qxb3 51. Qxa5 Qf3 52. Qc5 Qf4+ 53. Kg2 Qg4+ 54. Kf1 Qxa4 55. Qf8+ Kg5 56. Qd8+ Kh5 57. Kg2 Qe4+ 58. Kg1 Qg4+ 59. Kf1 Qe4 60. Qh8+ Kg5 61. Kg1 Qg4+ 62. Kf1 Qd1+ 63. Kg2 Qd5+ 64. Kg1 Qd1+ 65. Kh2 Qh5+ 66. Qxh5+ Kxh5 67. Kg3 Kg5 68. f4+ Kf6 69. Kh4 Kf7 70. Kh3 Ke6 71. Kg3 Kd5 72. Kh4 Kd4 73. Kg5 Ke4 74. Kxg6 Kxf4 75. Kh5 Kg3 0-1


[Site "https://www.chess.com"]